 Dungeon Crawl Stone Soup version 0.20.0-8-g6b59dc7 (webtiles) character file.

102 MTVSty1e the Chopper (level 4, -1/40 HPs)
             Began as a Draconian Chaos Knight on May 31, 2017.
             Slain by an orc
             ... wielding a +0 hand axe
              (8 damage)
             ... on level 3 of the Dungeon.
             The game lasted 00:03:48 (1847 turns).

MTVSty1e the Chopper (Draconian Chaos Knight)       Turns: 1847, Time: 00:03:49

Health: -1/40      AC:  3    Str: 16    XL:     4   Next: 49%
Magic:  4/4        EV: 12    Int: 12    God:    Xom [....*.]
Gold:   208        SH:  0    Dex: 10    Spells: 3/3 levels left

rFire    . . .     SeeInvis .   a - +0 hand axe (chaos)
rCold    . . .     Gourm    .   (no shield)
rNeg     . . .     Faith    .   (armour unavailable)
rPois    +         Spirit   .   (helmet restricted)
rElec    .         Reflect  .   (no cloak)
rCorr    .         Harm     .   (no gloves)
MR       +....     Clarity  +   (no boots)
Stlth    +.........             j - amulet of rage
Regen    0.2/turn               h - ring of protection from magic
MPRegen  0.1/turn               o - -2 ring of protection (curse)

@: no status effects
A: unfitting armour, hooves 1, clarity, poison resistance, wild magic 1,
cold-blooded, AC +5
a: Renounce Religion, Evoke Berserk Rage


You were on level 3 of the Dungeon.
You worshipped Xom.
You were a beloved toy of Xom.
You were not hungry.

You visited 1 branch of the dungeon, and saw 3 of its levels.

You collected 208 gold pieces.

Inventory:

Hand Weapons
 a - a +0 hand axe of chaos (weapon)
Jewellery
 h - a ring of protection from magic (left hand)
 j - an amulet of rage (around neck)
 o - a cursed -2 ring of protection (right hand)
Scrolls
 c - 2 scrolls of identify
 d - a scroll of fear
Potions
 k - a potion of magic
 m - a potion of heal wounds {unknown}
 n - a potion of might {unknown}
 p - a potion of degeneration {unknown}
Comestibles
 b - a bread ration
 i - 5 fruits


   Skills:
 + Level 4.1 Fighting
 * Level 4.2 Axes
 - Level 2.5 Dodging
 - Level 1.0 Stealth


You had 3 spell levels left.
You didn't know any spells.

Dungeon Overview and Level Annotations

Branches:
Dungeon (3/15)

Altars:
Xom


Innate Abilities, Weirdness & Mutations

Your plain brown scales are hard. (AC +5)
You cannot fit into any form of body armour.
You are cold-blooded and may be slowed by cold attacks.
You have large cloven feet.
You possess an exceptional clarity of mind.
Your system is resistant to poisons. (rPois)
Your spells are a little harder to cast, but a little more powerful.


Message History

You are too injured to fight recklessly!
Unknown command.
You hit the orc but do no damage.
The orc's hands glow momentarily.
You kick the orc, but do no damage.
You tail-slap the orc, but do no damage.
The orc is almost dead.
You hit the orc.
You kill the orc!
You hit the orc but do no damage. The orc hits you.
You emit a cloud of colourful smoke!
The orc hits you but does no damage.
You hit the orc but do no damage.
You tail-slap the orc, but do no damage.
The orc is almost dead.
You closely miss the orc. The orc hits you.
* * * LOW HITPOINT WARNING * * *
The orc hits you.
* * * LOW HITPOINT WARNING * * *
The orc hits you with a hand axe!
You die...

#####.........# *,,,,****,*,*
#####.........# *,..,* *,,,*
.÷............# *!..,*****,,*
....).....#...#######...,,,,**,,*
..........'...##........,,,,**,>*
..........###.##........,,,,***,*
..........# #..'........,,,,+,,,*
..........###..#!§......,,,,*****
............#).#@§......,,,,,,,,*
...........##..oo†......,,,,,,*,*
.....)......#.....####+#,,,,,,,,,
............#####..,**,*,,,,,*,**
#######<.......####.**,****,,,,,*
#.######....#..,,* **,**,* #....#
#..#.####** *,,,,*
####.###..#...# ****,*
#...#..###.# *,*


You could see 2 orcs.

Vanquished Creatures
  3 gnolls (D:3)
  3 adders (D:3)
  A worm (D:3)
  A leopard gecko (D:2)
  2 orcs (D:3)
  2 ball pythons
  5 giant cockroaches
  5 goblins
  6 hobgoblins
  A bat (D:3)
  2 frilled lizards
  6 kobolds
  4 rats
41 creatures vanquished.

Vanquished Creatures (collateral kills)
  A gnoll (D:3)
1 creature vanquished.

Grand Total: 42 creatures vanquished

Notes
Turn   | Place    | Note
-------+----------+-------------------------------------------
     0 | D:1      | MTVSty1e the Draconian Chaos Knight began the quest for the Orb.
     0 | D:1      | Reached XP level 1. HP: 19/19 MP: 1/1
   333 | D:1      | XOM: divination: magic mapping
   336 | D:1      | Reached XP level 2. HP: 23/26 MP: 2/2
   357 | D:1      | XOM: harmless Air miscast
   867 | D:2      | XOM: 1-stop teleportation journey
  1129 | D:2      | XOM: scenery: create altars
  1317 | D:3      | Reached XP level 3. HP: 33/33 MP: 3/3
  1320 | D:3      | XOM: smoke on damage
  1352 | D:3      | XOM: summons 2 friendly demons
  1369 | D:3      | Reached skill level 1 in Stealth
  1380 | D:3      | Reached XP level 4. HP: 12/40 MP: 4/4
  1560 | D:3      | XOM: cloud trail
  1781 | D:3      | XOM: give mutations
  1781 | D:3      | Gained mutation: Your spells are a little harder to cast, but a little more powerful. [Xom's grace]
  1781 | D:3      | Gained mutation: You possess an exceptional clarity of mind. [Xom's grace]
  1781 | D:3      | Gained mutation: Your system is resistant to poisons. (rPois) [Xom's grace]
  1781 | D:3      | Gained mutation: You have large cloven feet. [Xom's grace]
  1846 | D:3      | XOM: smoke on damage
  1847 | D:3      | Slain by an orc

Skill      XL: |  1  2  3 |
---------------+----------+-----
Stealth        | 1 |  1.0
Fighting       | 4 |  4.1
Axes           | 4 |  4.2
Dodging        | |  2.5

Action                   |  1- 3 |  4- 6 || total
-------------------------+-------+-------++-------
Melee: Hand axe          |   105 |    33 ||   138
       Tailslap          |    12 |     3 ||    15
       Kick              |       |     4 ||     4
  Use: Scroll            |       |     6 ||     6
 Stab: Sleeping          |     1 |       ||     1
       Paralysed         |     4 |       ||     4
  Eat: Bread ration      |     1 |       ||     1
Armor: Skin              |    27 |     9 ||    36
Dodge: Dodged            |    52 |    19 ||    71
